 Dungeon Crawl Stone Soup version 0.31.0-11-ge490571c62 (webtiles) character file.

Game seed: 18067810349036617736

35 qw the Shooter (level 3, -5/20 HPs)
             Began as a Deep Elf Hunter on Feb 4, 2024.
             Slain by an orc
             ... wielding a +0 trident
              (6 damage)
             ... on level 2 of the Dungeon.
             The game lasted 00:00:03 (879 turns).

qw the Shooter (Deep Elf Hunter)                     Turns: 879, Time: 00:00:03

Health: -5/20      AC:  8    Str: 10    XL:     3   Next: 16%
Magic:  5/5        EV: 11    Int: 13    God:
Gold:   16         SH:  0    Dex: 24    Spells: 2/2 levels left

rFire   . . .        a - +0 shortbow
rCold   . . .        (shield currently unavailable)
rNeg    . . .        e - +0 ring mail
rPois   .            j - +1 helmet
rElec   .            (no cloak)
rCorr   .            (no gloves)
SInv    .            l - +0 pair of boots
Will    .....        (no amulet)
Stlth   ++           h - +6 ring of dexterity
HPRegen 0.23/turn    (no ring)
MPRegen 0.09/turn

%: no passive effects
@: about to teleport
A: no striking features
a: no special abilities


You were on level 2 of the Dungeon.
You visited 1 branch of the dungeon, and saw 2 of its levels.

You collected 16 gold pieces.


   Skills:
 - Level 1.5 Fighting
 + Level 6.7 Ranged Weapons
 - Level 2.4 Dodging
 - Level 1.2 Stealth


You had 2 spell levels left.
You didn't know any spells.
Your spell library was empty.

Inventory:

Hand Weapons
 a - a +0 shortbow (weapon)
Armour
 e - a +0 ring mail (worn)
 j - a +1 helmet (worn)
 l - a +0 pair of boots (worn)
Jewellery
 h - a +6 ring of dexterity (left hand)
Scrolls
 d - a scroll of teleportation
Potions
 k - a potion of curing {unknown}

Dungeon Overview and Level Annotations

Branches:
Dungeon (2/15)

Altars:


Message History

You shoot an arrow. The arrow hits the orc.
The orc is lightly wounded.
You shoot an arrow. The arrow hits the orc.
The orc is moderately wounded.
You shoot an arrow. The arrow barely misses the orc.
The orc throws a boomerang.
The boomerang hits you but does no damage.
You shoot an arrow. The arrow hits the orc.
The orc is lightly wounded.
The orc priest calls upon Beogh to heal the orc.
The orc's wounds heal themselves!
The orc hits you with a +0 whip. The orc barely misses you.
You shoot an arrow. The arrow hits the orc.
You kill the orc!
The orc throws a boomerang.
The boomerang barely misses you.
You shoot an arrow.
The arrow closely misses the orc priest.
The orc hits you from afar with a +0 trident.
The orc priest misses you.
You shoot an arrow.
The arrow closely misses the orc priest.
The orc hits you but does no damage. The orc priest barely misses you.
The orc priest hits you but does no damage.
The orc barely misses you.
You shoot an arrow.
The arrow closely misses the orc priest.
The orc priest hits you with a +0 club.
The orc hits you from afar with a +0 trident.
You shoot an arrow.
The arrow hits the orc priest but does no damage.
The orc hits you but does no damage. The orc priest closely misses you.
You shoot an arrow. The arrow hits the orc priest!
The orc priest is heavily wounded.
The orc priest calls down the wrath of Beogh upon you.
Beogh smites you! The orc barely misses you.
879 ||| READING 2 scrolls of teleportation.
As you read the scroll of teleportation, it crumbles to dust.
You feel strangely unstable.
The orc hits you from afar with a +0 trident.
You die...

#.. #.# #.#
##.# #..#
#..### ####
#....# .....
#.##.##o.....
#<##.@o......
#.###........
#.# ##.......
#.# #......
..# ......
.## .##### .
. .. #


You could see an orc priest and an orc.

Vanquished Creatures
  A dart slug (D:1)
  An orc (D:2)
  3 ball pythons (D:1)
  3 endoplasms (D:1)
  3 giant cockroaches (D:1)
  2 goblins (D:1)
  A hobgoblin (D:1)
  2 kobolds (D:1)
  3 quokkas (D:1)
  5 bats (D:1)
  A frilled lizard (D:1)
  4 rats (D:1)
29 creatures vanquished.

Notes
Turn   | Place    | Note
-------+----------+-------------------------------------------
     0 | D:1      | qw the Deep Elf Hunter began the quest for the Orb.
     0 | D:1      | Reached XP level 1. HP: 12/12 MP: 3/3
     0 | D:1      | 0 ||| qw: Version: 0.3-a-160-g6735b56
     0 | D:1      | 0 ||| qw: Game counter: 5785
     0 | D:1      | 0 ||| qw: Melee chars always use a shield: true
     0 | D:1      | 0 ||| qw: God list: Okawaru
     0 | D:1      | 0 ||| qw: Allow faded altars: false
     0 | D:1      | 0 ||| qw: Do Orc after clearing Dungeon:15 true
     0 | D:1      | 0 ||| qw: Do second Lair branch before Depths: true
     0 | D:1      | 0 ||| qw: Lair rune preference: random
     0 | D:1      | 0 ||| qw: Goals: Normal
     0 | D:1      | 0 ||| PLANNING D:1-11
   123 | D:1      | Reached XP level 2. HP: 16/16 MP: 4/4
   159 | D:1      | Reached skill level 6 in Ranged Weapons
   399 | D:1      | Reached XP level 3. HP: 14/20 MP: 5/5
   670 | D:1      | 670 ||| UPGRADING to +0 ring mail.
   680 | D:1      | 680 ||| DROPPING +0 leather armour.
   681 | D:1      | 681 ||| UPGRADING to +0 helmet.
   686 | D:1      | 686 ||| UPGRADING to +0 pair of boots.
   691 | D:1      | 691 ||| UPGRADING to +6 ring of dexterity.
   692 | D:1      | 692 ||| READING 3 scrolls labelled XIEREAKHAPHE.
   696 | D:1      | 696 ||| READING scroll labelled SAGUPP TUKA.
   734 | D:1      | 734 ||| READING scroll labelled YDILIO NULI.
   835 | D:1      | 835 ||| READING scroll labelled JENWIRROGOE.
   835 | D:1      | 835 ||| ENCHANTING +0 helmet.
   836 | D:1      | 836 ||| DROPPING scroll of butterflies.
   878 | D:2      | HP: 1/20 [orc priest/divine providence (9)]
   879 | D:2      | 879 ||| READING 2 scrolls of teleportation.
   879 | D:2      | Slain by an orc

Levels and vault maps discovered:
D:1:      lemuel_arrival_muddy, layout_basic
D:2:      cheibrodos_pilgrimage, layout_rooms

Skill      XL: |  1  2 |
---------------+-------+-----
Ranged Weapons | 6 |  6.7
Fighting       | |  1.5
Dodging        | |  2.4
Stealth        | |  1.2

Action                     || total
---------------------------++-------
   Fire: Shortbow          ||    74
    Use: Scroll            ||     5
 Armour: Leather armour    ||    17
         Ring mail         ||    10
  Dodge: Dodged            ||    25

Table legend:
 A = Non-vault XP
 B = Vault XP
 C = Vault XP percentage of total XP
 D = Non-vault monster count
 E = Vault monster count
 F = Vault count percentage of total count
                 A         B        C        D         E       F
            +---------+---------+-------+---------+---------+-------
      Total |      47 |       3 |   6.0 |      28 |       1 |   3.4
            +---------+---------+-------+---------+---------+-------
        D:1 |      47 |       0 |   0.0 |      28 |       0 |   0.0
        D:2 |       0 |       3 | 100.0 |       0 |       1 | 100.0
            +---------+---------+-------+---------+---------+-------
